 Dungeon Crawl Stone Soup version 0.31.0-32-g396128a36d (webtiles) character file.

Game seed: 11815834585216362121

6591 VepsertineViceroy the Mimic (level 11, -1/103 HPs)
             Began as a Naga Shapeshifter on Mar 29, 2024.
             Was a High Priest of Uskayaw.
             Slain by a red ugly thing (6 damage)
             ... on level 9 of the Dungeon.
             The game lasted 00:18:54 (10066 turns).

VepsertineViceroy the Mimic (Naga Shapeshifter)    Turns: 10066, Time: 00:18:55

Health: -1/103     AC:  6    Str: 20    XL:     11   Next: 2%
Magic:  15/17      EV: 14    Int: 13    God:    Uskayaw [*****.]
Gold:   373        SH:  0    Dex: 12    Spells: 10/10 levels left

rFire   + .          .
                       - Unarmed
rCold   . . .        (shield currently unavailable)
rNeg    . . .        a - melded +0 animal skin
rPois   +            B - +0 helmet
rElec   .            q - +0 cloak of Death Resistance {Rampage Will+ Int+3}
rCorr   .            v - +0 pair of gloves
SInv    +            (no barding)
Will    +++..        m - amulet of faith {!P}
Stlth   +            F - ring of protection from fire
HPRegen 0.37/turn    W - ring of willpower
MPRegen 0.15/turn

%: rampage, faith
@: flux-form, glowing, very slow
A: glow, contaminating, AC +3, large, see invisible, deformed body, poison
resistance, slowness 2, spit poison 1, naga tail 1
a: Spit Poison, Begin Untransformation, Renounce Religion, Stomp, Line Pass,
Grand Finale


You were on level 9 of the Dungeon.
You worshipped Uskayaw.
Uskayaw was aware of your devotion.
You were something dangerously unstable.
You visited 2 branches of the dungeon, and saw 10 of its levels.

You collected 428 gold pieces.
You spent 55 gold pieces at shops.


Innate Abilities, Weirdness & Mutations

You are something dangerously unstable.
You glow with magical radiation, making you easy to see and hit.
Foes you strike become dangerously contaminated with magical radiation.
You are incapable of wielding weapons or throwing items.
Your serpentine skin is tough. (AC +3)
You have supernaturally acute eyesight. (SInv)
Armour fits poorly on your strangely shaped body.
Your system is resistant to poisons. (rPois)
You cover ground very slowly.
You can spit poison.
You have a snake-like lower body.


   Skills:
 - Level 8.0 Fighting
 - Level 1.5 Dodging
 - Level 8.0 Unarmed Combat
 - Level 8.0 Invocations
 - Level 3.0 Evocations
 + Level 9.2 Shapeshifting


You had 10 spell levels left.
You didn't know any spells.
Your spell library contained the following spells:

 Spells                   Type           Power      Damage    Failure   Level
 Call Imp                 Summ           0%         N/A       43%         2
 Sublimation of Blood     Necr           0%         N/A       43%         2
 Hailstorm                Conj/Ice       0%         3d5       67%         3
 Summon Ice Beast         Ice/Summ       0%         N/A       67%         3
 Volatile Blastmotes      Fire/Tloc      0%         2d10      67%         3
 Fulminant Prism          Conj/Alch      0%         3d5       97%         4
 Iskenderun's Mystic Bla  Conj/Tloc      0%         2d3       97%         4
 Petrify                  Alch/Erth      0%         N/A       97%         4
 Irradiate                Conj/Alch      0%         3d11      100%        5
 Sculpt Simulacrum        Ice/Alch       0%         N/A       100%        6
 Summon Hydra             Summ           0%         N/A       100%        7

Inventory:

Missiles
 j - 5 atropa-tipped darts
 o - 13 poisoned darts (quivered)
 w - 2 throwing nets {=f}
Armour
 a - a +0 animal skin (melded)
 q - the +0 cloak of Death Resistance (worn) {Rampage Will+ Int+3}
   (You found it on level 3 of the Dungeon)

   Int+3:     It affects your intelligence (+3).
   Will+:     It increases your willpower.
   Rampage:   It bestows one free step when moving towards enemies.
 v - a +0 pair of gloves (worn)
 B - a +0 helmet (worn)
 C - a +0 troll leather armour
Jewellery
 m - an amulet of faith (around neck) {!P}
 F - a ring of protection from fire (left hand)
 N - a ring of positive energy
 W - a ring of willpower (right hand)
Talismans
 c - a beast talisman
 d - a flux talisman (active)
Wands
 b - a wand of polymorph (6)
 k - a wand of paralysis (17)
 p - a wand of mindburst (2)
Scrolls
 f - 3 scrolls of teleportation {unknown}
 h - 2 scrolls of poison {unknown}
 n - a scroll of torment {unknown}
 r - a scroll of revelation {unknown}
 s - 2 scrolls of vulnerability {unknown}
 u - 3 scrolls of fog {unknown}
 x - a scroll of immolation {unknown}
 y - 2 scrolls of fear {unknown}
Potions
 e - 2 potions of heal wounds {unknown}
 g - a potion of cancellation {unknown}
 i - a potion of magic
 l - 4 potions of curing {@q1}
 t - a potion of brilliance {unknown}
 z - a potion of haste {unknown}
 A - a potion of lignification

Dungeon Overview and Level Annotations

Branches:
Dungeon (9/15)             Temple (1/1) D:5            Lair (0/5) D:8
    Orc: D:9-12

Altars:
Ashenzari
Cheibriados
Dithmenos
Fedhas
Gozag
Hepliaklqana
Kikubaaqudgha
Nemelex Xobeh
Okawaru
Qazlal
Ru
Sif Muna
Trog
Uskayaw
Vehumet
Wu Jian
Xom
Yredelemnul
Zin

Shops:
D:4 *(=   D:7 *

Annotations:
D:5 exclusions: Dowan and 1 more exclusion
D:8 exclusion: ice statue

.#######+#####)###+#######
......................
..▓▓▓▓▓.▓▓▓▓▓▓▓▓▓.▓▓▓▓
▓..▓....▓▓ ▓ ▓ ▓.▓▓▓.▓.▓
▓..▓..)▓..▓ ▓.....▓▓▓
▓..#..▓ ▓....p▓
▓..▓...▓u.▓ ▓.▓.▓▓▓.▓.▓
▓▓.. . ▓▓ ▓▓ ▓


You could see a red ugly thing (heavy contam).


Message History

* * * LOW HITPOINT WARNING * * *
Use which ability? (? or * to list)
Okay, then.
Unknown command.
Unknown command.
You barely miss the red ugly thing.
The red ugly thing is moderately wounded.
The red ugly thing pecks you!
* * * LOW HITPOINT WARNING * * *
You are engulfed in flames!
You resist.
* * * LOW HITPOINT WARNING * * *
Unknown command.
You barely miss the red ugly thing.
The red ugly thing is moderately wounded.
The red ugly thing pecks you!
* * * LOW HITPOINT WARNING * * *
You are engulfed in flames!
You resist.
* * * LOW HITPOINT WARNING * * *
Unknown command.
You hit the red ugly thing.
The red ugly thing begins to glow.
The red ugly thing is moderately wounded.
The red ugly thing misses you.
Unknown command.
You hit the red ugly thing.
The red ugly thing glows dangerously bright.
The red ugly thing is moderately wounded.
The red ugly thing pecks you.
* * * LOW HITPOINT WARNING * * *
You are engulfed in flames.
You resist.
You die...

Skill      XL: |  1  2  3  4  5  6  7  8  9 10 |
---------------+-------------------------------+-----
Fighting       | 2 3 4 6 7 8 |  8.0
Shapeshifting  | 4 5 7 8 9 |  9.2
Unarmed Combat | 4 6 7 8 |  8.0
Evocations     | 1 3 |  3.0
Invocations    | 5 8 |  8.0
Dodging        | |  1.5

Action                     |  1- 3 |  4- 6 |  7- 9 | 10-12 || total
---------------------------+-------+-------+-------+-------++-------
  Melee: Unarmed           |    75 |   109 |   246 |   155 ||   585
         Punch             |       |     4 |     3 |       ||     7
  Throw: Dart              |       |     6 |       |       ||     6
 Invoke: Line Pass         |       |       |     1 |       ||     1
Ability: Spit Poison       |    13 |    12 |     6 |     1 ||    32
  Evoke: Wand              |       |     6 |     8 |     3 ||    17
    Use: Scroll            |       |     3 |       |     1 ||     4
         Potion            |       |       |     3 |       ||     3
   Stab: Sleeping          |     1 |     1 |       |       ||     2
         Paralysed         |       |     5 |    10 |    10 ||    25
         Confused          |       |       |     1 |       ||     1
 Armour: Animal skin       |    40 |    80 |    45 |       ||   165
         Skin              |       |       |   104 |    86 ||   190
  Dodge: Dodged            |    36 |    44 |   155 |   113 ||   348
   Form: Flux              |       |       |     1 |       ||     1

Levels and vault maps discovered:
D:1:      saegor_arrival_miasma, layout_basic
D:2:      layout_basic, basic_altar, shapermc_ecumenical_altar_starsandcircs,
          ebering_dispersal_statue_hall
D:3:      layout_loops_ring, mainiacjoe_overflow_two_lobes,
          minmay_misc_feat_nine_boxes
D:4:      layout_cave_pods, serial_shops, nicolae_shop_tiny_statue_garden,
          nicolae_shop_back_alley_shop, shop, chequers_serial_rivers_small_b
D:5:      layout_gridville, minmay_temple_entry_overgrown, grunt_ministairs_14,
          hex_medium, uniq_duvessa
D:6:      layout_basic, nicolae_overflow_quartered_altars,
          general_overflow_altar, lemuel_flame_loot_1
D:7:      layout_rooms, okawaru_trees_2, serial_shops, shop
D:8:      lemuel_ice_statue, layout_basic,
          mainiacjoe_overflow_concentric_impassable, david_lair_generic,
          lemuel_flamethrower_2
D:9:      layout_roguey, nicolae_tso_swordbearing_angel,
          nicolae_hepliaklqana_hazy_memory, nicolae_ashenzari_skybound,
          kennysheep_mini, elyvilon_altar_1, minmay_the_grid_2x2
          [minmay_the_grid_spin_star, minmay_the_grid_dragon_b,
          minmay_the_grid_pillar_ring, minmay_the_grid_prize_trominoes]
Temple:   hellmonk_temple_two_chambers

Notes
Turn   | Place    | Note
-------+----------+-------------------------------------------
     0 | D:1      | VepsertineViceroy the Naga Shapeshifter began the quest for
                  | the Orb.
     0 | D:1      | Reached XP level 1. HP: 18/18 MP: 1/1
   278 | D:1      | Reached skill level 2 in Fighting
   278 | D:1      | Reached XP level 2. HP: 22/26 MP: 2/2
   596 | D:1      | Reached XP level 3. HP: 33/33 MP: 3/3
   862 | D:2      | You fall into a shaft and drop 1 floor!
   924 | D:2      | Reached skill level 3 in Fighting
  1096 | D:2      | Found a faded altar of an unknown god.
  1306 | D:2      | Found a shadowy altar of Dithmenos.
  1546 | D:3      | Reached XP level 4. HP: 42/42 MP: 4/4
  1814 | D:3      | Reached skill level 4 in Shapeshifting
  2270 | D:3      | Reached XP level 5. HP: 50/50 MP: 5/5
  2690 | D:3      | Found a bloodstained altar of Trog.
  2725 | D:3      | Found a blossoming altar of Fedhas.
  2734 | D:3      | Identified the +0 cloak of Death Resistance {Rampage Will+
                  | Int+3}
  2851 | D:4      | Noticed a phantom
  2867 | D:3      | Reached skill level 4 in Fighting
  3269 | D:4      | Reached XP level 6. HP: 46/57 MP: 6/6
  3386 | D:4      | Reached skill level 5 in Shapeshifting
  3587 | D:4      | Found Oshraq Kawa's General Store.
  3591 | D:4      | Bought a potion of berserk rage for 55 gold pieces
  4027 | D:4      | Found Uvaom's Weapon Emporium.
  4166 | D:4      | Reached skill level 4 in Unarmed Combat
  4166 | D:4      | Reached XP level 7. HP: 57/64 MP: 7/7
  4189 | D:4      | Found Kitehuilug's Jewellery Shop.
  4329 | D:5      | Entered Level 5 of the Dungeon
  4362 | D:5      | Noticed Duvessa
  4386 | D:5      | Noticed Dowan
  4746 | D:5      | Found a staircase to the Ecumenical Temple.
  4761 | Temple   | Entered the Ecumenical Temple
  4818 | D:5      | Reached skill level 6 in Shapeshifting
  5493 | D:5      | Killed Duvessa
  5494 | D:5      | Reached skill level 7 in Shapeshifting
  5496 | D:5      | Killed Dowan
  5701 | D:6      | Reached skill level 1 in Evocations
  5701 | D:6      | Reached XP level 8. HP: 68/73 MP: 8/8
  6267 | D:6      | Reached skill level 2 in Evocations
  6297 | D:6      | Found a sacrificial altar of Ru.
  6392 | D:6      | Found an opulent altar of Gozag.
  6392 | D:6      | Found a radiant altar of Vehumet.
  6393 | D:6      | Found a hide-covered altar of Uskayaw.
  6398 | D:6      | Reached skill level 5 in Fighting
  6398 | D:6      | Reached skill level 5 in Unarmed Combat
  6504 | D:6      | Found a shadowy altar of Dithmenos.
  6903 | D:6      | Reached skill level 3 in Evocations
  7484 | D:6      | Became a worshipper of Uskayaw the Reveller
  7555 | D:7      | Reached * piety under Uskayaw
  7556 | D:7      | Reached ** piety under Uskayaw
  7559 | D:7      | Reached *** piety under Uskayaw
  7564 | D:7      | Reached **** piety under Uskayaw
  7567 | D:7      | Reached ***** piety under Uskayaw
  7569 | D:7      | Reached skill level 6 in Fighting
  7689 | D:7      | Found Foameryut's Assorted Antiques.
  7900 | D:7      | Reached skill level 6 in Unarmed Combat
  8127 | D:7      | Reached XP level 9. HP: 79/84 MP: 9/9
  8174 | D:7      | Found an iron altar of Okawaru.
  8338 | D:8      | Reached skill level 7 in Fighting
  8385 | D:8      | Noticed an ice statue
  8568 | D:8      | Found a shimmering altar of Xom.
  8722 | D:8      | Found a staircase to the Lair.
  8722 | D:8      | Noticed an elephant
  8733 | D:8      | Reached skill level 7 in Unarmed Combat
  8742 | D:8      | Killed an elephant
  8743 | D:8      | Reached skill level 8 in Shapeshifting
  8743 | D:8      | Reached skill level 1 in Invocations
  8744 | D:8      | Reached skill level 2 in Invocations
  8968 | D:8      | Reached skill level 3 in Invocations
  8972 | D:8      | Reached skill level 5 in Invocations
  8972 | D:8      | Reached XP level 10. HP: 91/94 MP: 11/13
  9106 | D:8      | Reached skill level 8 in Fighting
  9115 | D:8      | Reached skill level 8 in Unarmed Combat
  9123 | D:8      | Reached ****** piety under Uskayaw
  9428 | D:9      | Found a broken altar of Ashenzari.
  9504 | D:9      | Reached skill level 9 in Shapeshifting
  9512 | D:9      | Reached skill level 6 in Invocations
  9608 | D:9      | HP: 5/96 [killer bee (6)]
  9871 | D:9      | Found a hazy altar of Hepliaklqana.
  9918 | D:9      | Reached skill level 7 in Invocations
 10047 | D:9      | Noticed a green ugly thing
 10051 | D:9      | Noticed a red ugly thing
 10061 | D:9      | Killed a red ugly thing
 10062 | D:9      | Reached skill level 8 in Invocations
 10062 | D:9      | Reached XP level 11. HP: 59/103 MP: 15/17
 10064 | D:9      | HP: 5/103 [red ugly thing (11)]
 10066 | D:9      | Slain by a red ugly thing

Vanquished Creatures
  An ugly thing (D:9)
  An elephant (D:8)
  A troll (D:9)
  A wyvern (D:8)
  15 yaks
  A wraith (D:9)
  A steam dragon (D:8)
  A water moccasin (D:7)
  Duvessa (D:5)
  An orc warrior (D:7)
  An ice beast (D:6)
  A sky beast (D:7)
  2 black bears (D:8)
  An ogre (D:6)
  3 centaurs
  A phantom (D:4)
  3 scorpions
  A gnoll sergeant (D:6)
  A bullfrog (D:7)
  9 wights (D:8)
  Dowan (D:5)
  8 killer bees (D:9)
  2 electric eels (D:8)
  A howler monkey (D:3)
  2 bombardier beetles
  3 hounds (D:5)
  3 jellies
  2 orc priests
  2 sleepcaps
  An iguana (D:6)
  5 orc wizards
  3 gnolls (D:6)
  3 adders
  3 white imps (D:7)
  6 dart slugs
  A ribbon worm (D:5)
  22 orcs
  5 endoplasms
  2 giant cockroaches
  3 goblins (D:1)
  7 hobgoblins
  3 quokkas
  7 ball pythons
  6 bats
  A frilled lizard (D:1)
  5 kobolds
  3 rats
157 creatures vanquished.

Table legend: (Time is in decaauts)
 A = Elapsed time spent in this place.
 B = Non-inter-level travel time spent in this place.
 C = Inter-level travel time spent in this place.
 D = Time resting spent in this place.
 E = Time spent auto-exploring this place.
 F = Levels seen in this place.
 G = Mean time per level.
                   A        B        C        D        E       F      G
               +--------+--------+--------+--------+--------+-----+--------+
         Total |  12155 |  11527 |    628 |   2494 |   7596 |  10 | 1215.5 |
       Dungeon |  12148 |  11524 |    624 |   2494 |   7596 |   9 | 1349.8 |
        Temple |      7 |      3 |      4 |      0 |      0 |   1 |    7.0 |
               +--------+--------+--------+--------+--------+-----+--------+

Top non-repeatable levels by time:
     D:6: 2326 daAuts
     D:3: 1849 daAuts
     D:4: 1659 daAuts
     D:5: 1627 daAuts
     D:8: 1245 daAuts
     D:1: 1065 daAuts
     D:7: 911 daAuts
     D:2: 762 daAuts
     D:9: 700 daAuts
  Temple: 7 daAuts

Table legend:
 A = Non-vault XP
 B = Vault XP
 C = Vault XP percentage of total XP
 D = Non-vault monster count
 E = Vault monster count
 F = Vault count percentage of total count
                 A         B        C        D         E       F
            +---------+---------+-------+---------+---------+-------
      Total |    7010 |    2407 |  25.6 |     145 |      12 |   7.6
            +---------+---------+-------+---------+---------+-------
        D:1 |      36 |       0 |   0.0 |      19 |       0 |   0.0
        D:2 |      33 |       0 |   0.0 |      11 |       0 |   0.0
        D:3 |     169 |       0 |   0.0 |      17 |       0 |   0.0
        D:4 |     411 |       0 |   0.0 |      20 |       0 |   0.0
        D:5 |     217 |     327 |  60.1 |       7 |       4 |  36.4
        D:6 |     655 |       0 |   0.0 |      14 |       0 |   0.0
        D:7 |     707 |       0 |   0.0 |      20 |       0 |   0.0
        D:8 |    3127 |     972 |  23.7 |      23 |       4 |  14.8
        D:9 |    1655 |    1108 |  40.1 |      14 |       4 |  22.2
            +---------+---------+-------+---------+---------+-------
